TOP OF THE 1ST |
Atlanta Braves batting - Pitching for St. Louis Cardinals : RHP Lucas Giolito
|
Pitching: RHP Lucas Giolito
|
|
Batting: LHB Mallex Smith
|
0-0: Swinging Strike 0-1: Foul Ball, location: 2F 0-2: Strikes out swinging
|
Batting: LHB Ben Gamel
|
0-0: Called Strike 0-1: Fly out, F8 (Flyball, 8RM)
|
Batting: RHB Miguel Sano
|
0-0: Foul Ball, location: 2F 0-1: Swinging Strike 0-2: Ball 1-2: Strikes out swinging
|
Top of the 1st over - 0 runs, 0 hits, 0 errors, 0 left on base; Atlanta 0 - St. Louis 0 |
BOTTOM OF THE 1ST |
St. Louis Cardinals batting - Pitching for Atlanta Braves : RHP Taijuan Walker
|
Pitching: RHP Taijuan Walker
|
|
Batting: SHB Ozzie Albies
|
0-0: Ground out 6-3 (Groundball, 6)
|
Batting: RHB Alex Bregman
|
0-0: Ball 1-0: Ball 2-0: Foul Ball, location: 2F 2-1: Ball 3-1: Ground out 4-3 (Groundball, 4)
|
Batting: RHB Jose Alberto Martinez
|
0-0: Ball 1-0: Foul Ball, location: 2F 1-1: Called Strike 1-2: Ball 2-2: Strikes out swinging
|
Bottom of the 1st over - 0 runs, 0 hits, 0 errors, 0 left on base; Atlanta 0 - St. Louis 0 |
TOP OF THE 2ND |
Atlanta Braves batting - Pitching for St. Louis Cardinals : RHP Lucas Giolito
|
Batting: LHB Greg Bird
|
0-0: Ball 1-0: Ball 2-0: Ball 3-0: Foul Ball, location: 2F 3-1: Foul Ball, location: 2F 3-2: Foul Ball, location: 2F 3-2: Foul Ball, location: 2F 3-2: Base on Balls
|
Batting: RHB Domingo Santana
|
0-0: Ball 1-0: Ball 2-0: Swinging Strike 2-1: Ball 3-1: Fly out, F9 (Flyball, 9S)
|
Batting: SHB Leury Garcia
|
0-0: Foul Ball, location: 2F 0-1: Ball Wild Pitch! Greg Bird to second 1-1: Swinging Strike 1-2: Foul Ball, location: 2F 1-2: Strikes out swinging
|
Batting: RHB Kurt Suzuki
|
0-0: Called Strike 0-1: Foul Ball, location: 2F 0-2: DOUBLE (Line Drive, 78M) Greg Bird scores
|
Batting: RHB Jose Iglesias
|
0-0: SINGLE (Line Drive, 9S) Kurt Suzuki to third
|
Batting: RHB Taijuan Walker
|
0-0: Ball 1-0: Called Strike 1-1: Ball 2-1: Called Strike 2-2: Foul Ball, location: 2F 2-2: Strikes out swinging
|
Top of the 2nd over - 1 run, 2 hits, 0 errors, 2 left on base; Atlanta 1 - St. Louis 0 |
BOTTOM OF THE 2ND |
St. Louis Cardinals batting - Pitching for Atlanta Braves : RHP Taijuan Walker
|
Batting: RHB Mark Reynolds
|
0-0: Foul Ball, location: 2F 0-1: Ball 1-1: Ball 2-1: Ball 3-1: Called Strike 3-2: Strikes out swinging
|
Batting: LHB Alex Avila
|
0-0: Called Strike 0-1: Foul Ball, location: 2F 0-2: Ball 1-2: Foul Ball, location: 2F 1-2: Ball 2-2: Foul Ball, location: 2F 2-2: Foul Ball, location: 2F 2-2: Ball 3-2: DOUBLE (Line Drive, 9LM)
|
Batting: LHB Brett Phillips
|
0-0: Foul Ball, location: 2F 0-1: Foul Ball, location: 2F 0-2: Strikes out looking
|
Batting: RHB Harrison Bader
|
0-0: Ball 1-0: SINGLE (Flyball, 89S) Alex Avila to third Runner from 3rd tries for Home, SAFE, throw by RF to home
|
Batting: RHB Adeiny Hechavarria
|
0-0: Ball 1-0: Swinging Strike 1-1: Called Strike 1-2: Strikes out looking
|
Bottom of the 2nd over - 1 run, 2 hits, 0 errors, 1 left on base; Atlanta 1 - St. Louis 1 |
TOP OF THE 3RD |
Atlanta Braves batting - Pitching for St. Louis Cardinals : RHP Lucas Giolito
|
Batting: LHB Mallex Smith
|
0-0: Called Strike 0-1: Ball 1-1: Ground out 5-3 (Groundball, 56S)
|
Batting: LHB Ben Gamel
|
0-0: Ball 1-0: Called Strike 1-1: Ball 2-1: Ball 3-1: Called Strike 3-2: Base on Balls
|
Batting: RHB Miguel Sano
|
0-0: Foul Ball, location: 2F 0-1: Fly out, F7 (Flyball, 7S)
|
Batting: LHB Greg Bird
|
0-0: Ball 1-0: Ground out 4-3 (Groundball, 34D)
|
Top of the 3rd over - 0 runs, 0 hits, 0 errors, 1 left on base; Atlanta 1 - St. Louis 1 |
BOTTOM OF THE 3RD |
St. Louis Cardinals batting - Pitching for Atlanta Braves : RHP Taijuan Walker
|
Batting: RHB Lucas Giolito
|
0-0: Ball 1-0: Called Strike 1-1: Called Strike 1-2: Ball 2-2: Ground out 4-3 (Groundball, 4S)
|
Batting: SHB Ozzie Albies
|
0-0: Called Strike 0-1: Called Strike 0-2: Ball 1-2: Ball 2-2: Ball 3-2: Base on Balls
|
Batting: RHB Alex Bregman
|
0-0: Fielders Choice at 2nd, 4-6 (Groundball, 34)
|
Batting: RHB Jose Alberto Martinez
|
0-0: Ball 1-0: Called Strike 1-1: Ball 2-1: Called Strike 2-2: Fly out, F8 (Flyball, 8RM)
|
Bottom of the 3rd over - 0 runs, 0 hits, 0 errors, 1 left on base; Atlanta 1 - St. Louis 1 |
TOP OF THE 4TH |
Atlanta Braves batting - Pitching for St. Louis Cardinals : RHP Lucas Giolito
|
Batting: RHB Domingo Santana
|
0-0: Ground out 4-3 (Groundball, 4)
|
Batting: SHB Leury Garcia
|
0-0: Ball 1-0: Fly out, F8 (Flyball, 8RM)
|
Batting: RHB Kurt Suzuki
|
0-0: Ball 1-0: Ball 2-0: Ground out 4-3 (Groundball, 4)
|
Top of the 4th over - 0 runs, 0 hits, 0 errors, 0 left on base; Atlanta 1 - St. Louis 1 |
BOTTOM OF THE 4TH |
St. Louis Cardinals batting - Pitching for Atlanta Braves : RHP Taijuan Walker
|
Batting: RHB Mark Reynolds
|
0-0: Ball 1-0: Ball 2-0: Ball 3-0: Called Strike 3-1: DOUBLE (Groundball, 5L)
|
Batting: LHB Alex Avila
|
0-0: Called Strike 0-1: Ball 1-1: Fly out, F9 (Flyball, 9S)
|
Batting: LHB Brett Phillips
|
0-0: Swinging Strike 0-1: Ball 1-1: Ball 2-1: 2-RUN HOME RUN (Flyball, 78XD), Distance : 397 ft
|
Batting: RHB Harrison Bader
|
0-0: Fly out, F8 (Flyball, 8RM)
|
Batting: RHB Adeiny Hechavarria
|
0-0: Ball 1-0: Called Strike 1-1: Ball 2-1: Foul Ball, location: 2F 2-2: Fly out, F8 (Line Drive, 8LM)
|
Bottom of the 4th over - 2 runs, 2 hits, 0 errors, 0 left on base; Atlanta 1 - St. Louis 3 |
TOP OF THE 5TH |
Atlanta Braves batting - Pitching for St. Louis Cardinals : RHP Lucas Giolito
|
Batting: RHB Jose Iglesias
|
0-0: Swinging Strike 0-1: Ball 1-1: DOUBLE (Flyball, 89D)
|
Batting: RHB Taijuan Walker
|
0-0: Sac Bunt to 13 - play at third, runner OUT! 1-5
|
Batting: LHB Mallex Smith
|
0-0: Ball 1-0: Ball 2-0: Swinging Strike 2-1: Foul Ball, location: 2F 2-2: SINGLE (Groundball, 34S) (infield hit) Taijuan Walker to second
|
Batting: LHB Ben Gamel
|
0-0: Ball 1-0: Called Strike 1-1: Foul Ball, location: 2F 1-2: Ball 2-2: Ball 3-2: Foul Ball, location: 2F 3-2: Foul Ball, location: 2F 3-2: Base on Balls Taijuan Walker to third Mallex Smith to second
|
Batting: RHB Miguel Sano
|
0-0: Ball 1-0: Foul Ball, location: 2F 1-1: Foul Ball, location: 2F 1-2: Ball 2-2: SINGLE (Line Drive, 6MD) Taijuan Walker scores Mallex Smith to third Ben Gamel to second
|
Batting: LHB Greg Bird
|
0-0: Ball 1-0: Ball 2-0: Called Strike 2-1: Called Strike 2-2: GRAND SLAM HOME RUN (Flyball, 7D), Distance : 364 ft
|
Batting: RHB Domingo Santana
|
0-0: Called Strike 0-1: Ball 1-1: Fly out, F5 (Popup, 56)
|
Batting: SHB Leury Garcia
|
0-0: Foul Ball, location: 2F 0-1: Ball 1-1: SINGLE (Line Drive, 89M)
|
Pitching: LHP Brett Anderson
|
|
Batting: RHB Kurt Suzuki
|
0-0: Called Strike 0-1: Ball 1-1: Called Strike 1-2: Ball 2-2: Foul Ball, location: 2F 2-2: Foul Ball, location: 2F 2-2: Foul Ball, location: 2F 2-2: SINGLE (Line Drive, 7S) Leury Garcia to second
|
Batting: RHB Jose Iglesias
|
0-0: Foul Ball, location: 2F 0-1: Ball 1-1: Called Strike 1-2: Ball 2-2: Foul Ball, location: 2F 2-2: Ball 3-2: SINGLE (Line Drive, 78M) Leury Garcia to third Kurt Suzuki to second Leury Garcia scores Kurt Suzuki to third
|
Batting: RHB Taijuan Walker
|
0-0: Ball 1-0: Ground out 5-3 (Groundball, 56S)
|
Top of the 5th over - 6 runs, 7 hits, 0 errors, 2 left on base; Atlanta 7 - St. Louis 3 |
BOTTOM OF THE 5TH |
St. Louis Cardinals batting - Pitching for Atlanta Braves : RHP Taijuan Walker
|
Batting: LHB Brett Anderson
|
0-0: Ball 1-0: Foul Ball, location: 2F 1-1: Ground out 1-3 (Groundball, P)
|
Batting: SHB Ozzie Albies
|
0-0: Called Strike 0-1: Foul Ball, location: 2F 0-2: Ball 1-2: Strikes out looking
|
Batting: RHB Alex Bregman
|
0-0: SOLO HOME RUN (Flyball, 7LD), Distance : 358 ft
|
Batting: RHB Jose Alberto Martinez
|
0-0: Foul Ball, location: 2F 0-1: Ball 1-1: Ball 2-1: Foul Ball, location: 2F 2-2: SINGLE (Groundball, 34D)
|
Batting: RHB Mark Reynolds
|
0-0: Ball 1-0: Ball 2-0: Ball 3-0: Called Strike 3-1: Called Strike 3-2: Foul Ball, location: 2F 3-2: Ground out 4-3 (Groundball, 6M)
|
Bottom of the 5th over - 1 run, 2 hits, 0 errors, 1 left on base; Atlanta 7 - St. Louis 4 |
TOP OF THE 6TH |
Atlanta Braves batting - Pitching for St. Louis Cardinals : LHP Brett Anderson
|
Batting: LHB Mallex Smith
|
0-0: Ball 1-0: Called Strike 1-1: Bunt for hit to 25 - play at first, batter OUT! 5-3
|
Batting: LHB Ben Gamel
|
0-0: Ball 1-0: Ground out U3 (Groundball, 3)
|
Batting: RHB Miguel Sano
|
0-0: Foul Ball, location: 2F 0-1: Called Strike 0-2: Ball 1-2: Ball 2-2: Fly out, F8 (Flyball, 8LXD)
|
Top of the 6th over - 0 runs, 0 hits, 0 errors, 0 left on base; Atlanta 7 - St. Louis 4 |
BOTTOM OF THE 6TH |
St. Louis Cardinals batting - Pitching for Atlanta Braves : RHP Taijuan Walker
|
Pitching: LHP Zach Duke
|
|
Batting: LHB Alex Avila
|
0-0: Swinging Strike 0-1: Ball 1-1: SINGLE (Line Drive, 8LS)
|
Batting: LHB Brett Phillips
|
0-0: Called Strike 0-1: Ball Wild Pitch! Alex Avila to second 1-1: Fly out, F7 (Flyball, 7)
|
Batting: RHB Harrison Bader
|
0-0: Ball 1-0: Swinging Strike 1-1: Swinging Strike 1-2: Ball 2-2: Foul Ball, location: 2F 2-2: Ball 3-2: Foul Ball, location: 2F 3-2: Foul Ball, location: 2F 3-2: Foul Ball, location: 2F 3-2: Foul Ball, location: 2F 3-2: Fly out, F8 (Flyball, 8RD)
|
Batting: RHB Adeiny Hechavarria
|
0-0: Ball 1-0: DOUBLE (Line Drive, 78D) Alex Avila scores
|
Pinch Hitting: RHB Hernan Perez
|
0-0: Called Strike 0-1: Ball 1-1: Swinging Strike 1-2: Ball 2-2: Ground out 1-3 (Groundball, P)
|
Bottom of the 6th over - 1 run, 2 hits, 0 errors, 1 left on base; Atlanta 7 - St. Louis 5 |
TOP OF THE 7TH |
Atlanta Braves batting - Pitching for St. Louis Cardinals : LHP Brett Anderson
|
Pitching: LHP Fernando Abad
|
|
Batting: LHB Greg Bird
|
0-0: Ball 1-0: Ball 2-0: Called Strike 2-1: Foul Ball, location: 2F 2-2: Ball 3-2: Strikes out looking
|
Batting: RHB Domingo Santana
|
0-0: Foul Ball, location: 2F 0-1: Ball 1-1: Called Strike 1-2: SINGLE (Line Drive, 7S)
|
Batting: SHB Leury Garcia
|
0-0: Called Strike 0-1: Fly out, F8 (Flyball, 8RD)
|
Batting: RHB Kurt Suzuki
|
0-0: Swinging Strike 0-1: Ball 1-1: Called Strike 1-2: SINGLE (Line Drive, 78M) Domingo Santana to second Domingo Santana to third
|
Batting: RHB Jose Iglesias
|
0-0: Ball 1-0: Foul Ball, location: 2F 1-1: SINGLE (Groundball, 56D) Domingo Santana scores Kurt Suzuki to second
|
Pinch Hitting: LHB Jeremy Hazelbaker
|
0-0: Called Strike 0-1: Ball 1-1: Swinging Strike 1-2: Foul Ball, location: 2F 1-2: Ground out 4-3 (Groundball, 3D)
|
Top of the 7th over - 1 run, 3 hits, 0 errors, 2 left on base; Atlanta 8 - St. Louis 5 |
BOTTOM OF THE 7TH |
St. Louis Cardinals batting - Pitching for Atlanta Braves : LHP Zach Duke
|
Pitching: RHP Peter Moylan
|
|
Batting: SHB Ozzie Albies
|
0-0: Ball 1-0: Called Strike 1-1: Foul Ball, location: 2F 1-2: Ball 2-2: Strikes out swinging
|
Batting: RHB Alex Bregman
|
0-0: Ball 1-0: SINGLE (Groundball, 56D)
|
Batting: RHB Jose Alberto Martinez
|
0-0: Ball 1-0: Foul Ball, location: 2F 1-1: Fly out, F8 (Flyball, 8RXD)
|
Batting: RHB Mark Reynolds
|
0-0: Called Strike 0-1: Ball 1-1: Foul Ball, location: 2F 1-2: Ball 2-2: Fly out, F8 (Flyball, 78M)
|
Bottom of the 7th over - 0 runs, 1 hit, 0 errors, 1 left on base; Atlanta 8 - St. Louis 5 |
TOP OF THE 8TH |
Atlanta Braves batting - Pitching for St. Louis Cardinals : LHP Fernando Abad
|
Pitching: RHP Zack Littell
|
|
Batting: LHB Mallex Smith
|
0-0: Ball 1-0: Ball 2-0: Foul Ball, location: 2F 2-1: Fly out, F8 (Flyball, 8LD)
|
Batting: LHB Ben Gamel
|
0-0: Ball 1-0: Called Strike 1-1: Foul Ball, location: 2F 1-2: Ball 2-2: Ball 3-2: Strikes out looking
|
Batting: RHB Miguel Sano
|
0-0: Called Strike 0-1: Ball 1-1: Foul Ball, location: 2F 1-2: Foul Ball, location: 2F 1-2: Strikes out looking
|
Top of the 8th over - 0 runs, 0 hits, 0 errors, 0 left on base; Atlanta 8 - St. Louis 5 |
BOTTOM OF THE 8TH |
St. Louis Cardinals batting - Pitching for Atlanta Braves : RHP Peter Moylan
|
Pitching: RHP Gregory Infante
|
|
Batting: LHB Alex Avila
|
0-0: Called Strike 0-1: Ball 1-1: Foul Ball, location: 2F 1-2: Ball 2-2: Foul Ball, location: 2F 2-2: SINGLE (Line Drive, 89M)
|
Batting: LHB Brett Phillips
|
0-0: Called Strike 0-1: Grounds out, U3 (Groundball, 3L)
|
Batting: RHB Harrison Bader
|
0-0: Ground out 1-3 (Groundball, 13S) Alex Avila to third
|
Batting: RHB Adeiny Hechavarria
|
0-0: Swinging Strike 0-1: Ball 1-1: Swinging Strike Passed Ball! Alex Avila scores 1-2: Ball 2-2: Strikes out looking
|
Bottom of the 8th over - 1 run, 1 hit, 0 errors, 0 left on base; Atlanta 8 - St. Louis 6 |
TOP OF THE 9TH |
Atlanta Braves batting - Pitching for St. Louis Cardinals : RHP Zack Littell
|
Pitching: RHP Mark Melancon
|
|
Now at SS: Erick Aybar
|
|
Batting: LHB Greg Bird
|
0-0: Ball 1-0: Swinging Strike 1-1: Ball 2-1: Called Strike 2-2: Foul Ball, location: 2F 2-2: Foul Ball, location: 2F 2-2: Ball 3-2: Strikes out swinging
|
Batting: RHB Domingo Santana
|
0-0: Ball 1-0: Called Strike 1-1: Fly out, F7 (Flyball, 7S)
|
Batting: SHB Leury Garcia
|
0-0: Ball 1-0: Fly out, F9 (Flyball, 9S)
|
Top of the 9th over - 0 runs, 0 hits, 0 errors, 0 left on base; Atlanta 8 - St. Louis 6 |
BOTTOM OF THE 9TH |
St. Louis Cardinals batting - Pitching for Atlanta Braves : RHP Gregory Infante
|
Pitching: RHP Michael Lorenzen
|
|
Batting: SHB Erick Aybar
|
0-0: Ball 1-0: SINGLE (Line Drive, 78S)
|
Batting: SHB Ozzie Albies
|
0-0: Ball 1-0: Swinging Strike 1-1: Ball 2-1: Swinging Strike 2-2: Ball 3-2: Foul Ball, location: 2F 3-2: Base on Balls Erick Aybar to second
|
Pitching: LHP Brian Johnson
|
|
Batting: RHB Alex Bregman
|
0-0: Called Strike 0-1: Fly out, F8 (Flyball, 8RD) Runner from 2nd tags up, SAFE at 3rd with throw by CF
|
Batting: RHB Jose Alberto Martinez
|
0-0: Swinging Strike 0-1: Fly out, F1 (Line Drive, P)
|
Batting: RHB Mark Reynolds
|
0-0: Called Strike 0-1: Ball 1-1: Foul Ball, location: 2F 1-2: Strikes out swinging
|
Bottom of the 9th over - 0 runs, 1 hit, 0 errors, 2 left on base; Atlanta 8 - St. Louis 6 |
|